 Dungeon Crawl Stone Soup version 0.31.0-11-ge490571c62 (webtiles) character file.

Game seed: 12008545029494168231

624 ces the Skirmisher (level 7, -3/33 HPs)
             Began as a Spriggan Hunter on Jan 30, 2024.
             Slain by an ogre
             ... wielding a +0 giant spiked club
              (27 damage)
             ... on level 5 of the Dungeon.
             The game lasted 00:04:40 (3753 turns).

ces the Skirmisher (Spriggan Hunter)                Turns: 3753, Time: 00:04:41

Health: -3/33      AC:  2    Str:  7    XL:     7   Next: 22%
Magic:  8/8        EV: 18    Int: 11    God:
Gold:   244        SH:  0    Dex: 20    Spells: 6/6 levels left

rFire   . . .        a - +0 shortbow
rCold   . . .        (shield currently unavailable)
rNeg    . . .        c - +0 robe
rPois   .            (helmet restricted)
rElec   .            (no cloak)
rCorr   .            (gloves unavailable)
SInv    +            (boots unavailable)
Will    +....        (no amulet)
Stlth   ++           (no ring)
HPRegen 0.25/turn    (no ring)
MPRegen 0.11/turn

%: no passive effects
@: lethally poisoned (-3 -> -5), very quick
A: very small, no large weapons, unfitting armour, see invisible, speed 3
a: no special abilities


You were on level 5 of the Dungeon.
You visited 1 branch of the dungeon, and saw 5 of its levels.
You also visited: Sewer.

You collected 244 gold pieces.

Inventory:

Hand Weapons
 a - a +0 shortbow (weapon)
Armour
 c - a +0 robe (worn)
Jewellery
 o - an amulet of magic regeneration
 s - a ring of flight
Scrolls
 e - a scroll of poison {unknown}
 n - a scroll of teleportation
 q - a scroll of noise
Potions
 b - 4 potions of mutation {unknown}
 d - a potion of brilliance {unknown}
 f - 2 potions of ambrosia {unknown}
 g - 2 potions of heal wounds {unknown}
 h - a potion of degeneration {unknown}
 i - 2 potions of might {unknown}
 j - 3 potions of curing {unknown}
 k - 2 potions of berserk rage {unknown}
 l - a potion of magic {unknown}
 m - a potion of cancellation {unknown}
 p - a potion of resistance {unknown}
 t - a potion of attraction {unknown}


   Skills:
 - Level 1.5 Fighting
 * Level 8.9 Ranged Weapons
 - Level 2.6 Dodging
 - Level 1.5 Stealth


You had 6 spell levels left.
You didn't know any spells.
Your spell library contained the following spells:

 Spells                   Type           Power      Damage    Failure   Level
 Freeze                   Ice            0%         1d3       34%         1
 Frozen Ramparts          Ice            0%         1d1       71%         3
 Hailstorm                Conj/Ice       0%         3d5       71%         3


Dungeon Overview and Level Annotations

Branches:
Dungeon (5/15)              Sewer (visited)
 Temple: D:4-7

Altars:
Nemelex Xobeh
Ru
The Shining One

Shops:
D:2 *   D:4 =

Annotations:
D:4 3 runed translucent doors, ChrisTheSkald's ghost, weakling HuEn; Sigmund


Innate Abilities, Weirdness & Mutations

You are very small and have problems with some larger weapons.
You are too small for most types of armour.
You have supernaturally acute eyesight. (SInv)
You cover ground extremely quickly. (Speed+++)


Message History

Found a mace.
A scorpion is nearby!
You shoot an arrow. The arrow hits the scorpion!
The scorpion is heavily wounded.
A scorpion is nearby!
You shoot an arrow. The arrow hits the scorpion.
The scorpion is severely wounded.
The scorpion stings you.
You are poisoned.
The scorpion poisons you!
A scorpion is nearby!
You shoot an arrow. The arrow hits the scorpion!
You kill the scorpion!
You feel very sick.
An ogre comes into view. It is wielding a +0 giant spiked club.
An ogre is nearby!
You shoot an arrow. The arrow hits the ogre.
The ogre is moderately wounded.
You feel sick.
An ogre is nearby!
You shoot an arrow. The arrow hits the ogre!
The ogre is heavily wounded.
You feel sick.
You shoot an arrow. The arrow hits the ogre.
The ogre is heavily wounded.
You feel sick. The ogre closely misses you.
An ogre is nearby!
You shoot an arrow. The arrow hits the ogre.
The ogre is severely wounded.
You feel sick.
You shoot an arrow. The arrow hits the ogre.
The ogre is almost dead.
You feel sick. The ogre closely misses you.
An orc comes into view. It is wielding a +0 falchion.
You shoot an arrow. The arrow hits the ogre.
The ogre is almost dead.
You feel sick.
The ogre hits you with a +0 giant spiked club!!
Ouch! That really hurt!
You die...

#..# ).# ..#
..# #)o #.#
#O# #@##
###..###
#......###
#.####...###
#.#<.......#
#...######....
####.# ###
#(...# #g####
#


You could see an ogre and an orc.

Vanquished Creatures
  A scorpion (D:5)
  A bombardier beetle (D:3)
  2 hounds (D:4)
  4 jellies
  An orc priest (D:5)
  Jessica (D:3)
  An iguana (D:4)
  An orc wizard (D:4)
  2 gnolls (D:5)
  10 adders
  A river rat (Sewer)
  An ufetubus (D:3)
  2 ribbon worms
  11 orcs
  15 endoplasms
  7 giant cockroaches
  3 goblins
  7 hobgoblins
  6 jackals (D:3)
  2 quokkas
  14 ball pythons
  3 bats
  9 frilled lizards
  5 kobolds
  10 rats
120 creatures vanquished.

Notes
Turn   | Place    | Note
-------+----------+-------------------------------------------
     0 | D:1      | ces the Spriggan Hunter began the quest for the Orb.
     0 | D:1      | Reached XP level 1. HP: 10/10 MP: 2/2
   516 | D:2      | Reached XP level 2. HP: 14/14 MP: 3/3
   753 | D:2      | Found Colubaen's General Store.
   755 | D:2      | Reached skill level 5 in Ranged Weapons
   870 | D:2      | Reached XP level 3. HP: 18/18 MP: 4/4
  1270 | D:3      | Found a glowing golden altar of the Shining One.
  1277 | D:3      | Found a sparkling altar of Nemelex Xobeh.
  1314 | D:3      | Noticed a shining eye
  1319 | D:3      | Found a faded altar of an unknown god.
  1321 | D:3      | Noticed an eye of devastation
  1321 | D:3      | Noticed a great orb of eyes
  1321 | D:3      | Noticed an eye of devastation
  1325 | D:3      | Noticed Jessica
  1330 | D:3      | Killed Jessica
  1331 | D:3      | Reached XP level 4. HP: 22/22 MP: 5/5
  1546 | D:3      | Reached skill level 6 in Ranged Weapons
  1649 | D:3      | Reached XP level 5. HP: 25/25 MP: 6/6
  2011 | D:4      | Reached skill level 7 in Ranged Weapons
  2050 | D:4      | Reached XP level 6. HP: 30/30 MP: 7/7
  2157 | D:4      | Found a sacrificial altar of Ru.
  2164 | D:4      | Identified the +1 cloak "Xuudu" {Rampage rF++ rN+}
  2250 | D:4      | Found a runed translucent gate.
  2250 | D:4      | Found a runed translucent gate.
  2250 | D:4      | Found a runed translucent gate.
  2254 | D:4      | Noticed ChrisTheSkald's ghost (weakling HuEn)
  2271 | D:4      | Noticed Sigmund
  2530 | D:4      | Found Reegrod's Jewellery Boutique.
  2757 | D:4      | Found a glowing drain.
  2761 | Sewer    | Entered a sewer
  2845 | Sewer    | Reached skill level 8 in Ranged Weapons
  2962 | Sewer    | Found a viscous altar of Jiyva.
  3008 | Sewer    | Reached XP level 7. HP: 30/33 MP: 8/8
  3126 | D:5      | Entered Level 5 of the Dungeon
  3634 | D:5      | Noticed a kobold demonologist
  3643 | D:5      | Noticed a red devil
  3643 | D:5      | Noticed a kobold demonologist
  3644 | D:5      | Noticed a soul eater
  3753 | D:5      | Slain by an ogre

Illustrated notes

Levels and vault maps discovered:
D:1:      scummos_arrival_gate, layout_basic
D:2:      layout_basic, serial_shops, nicolae_shop_pleasant_corner_grove
D:3:      cheibrodos_helix_gallery, layout_basic,
          mainiacjoe_overflow_large_starburst,
          hellmonk_ecumenical_altar_watching_god, st_stairs_5, uniq_jessica
D:4:      layout_rooms, lemuel_coloured_pillars_altar,
          mainiacjoe_sewer_entry_somewhere_in_here_2,
          gammafunk_ghost_necromancy, serial_shops, nicolae_shop_statue_plus,
          uniq_sigmund
D:5:      layout_basic, minmay_manual_mandibuliform

Skill      XL: |  1  2  3  4  5  6 |
---------------+-------------------+-----
Ranged Weapons | 5 6 7 8 |  8.9
Fighting       | |  1.5
Dodging        | |  2.6
Stealth        | |  1.5

Action                     |  1- 3 |  4- 6 |  7- 9 || total
---------------------------+-------+-------+-------++-------
   Fire: Shortbow          |    71 |   258 |    44 ||   373
    Use: Scroll            |       |     5 |       ||     5
 Armour: Robe              |     2 |    23 |     8 ||    33
  Dodge: Dodged            |     8 |    89 |    11 ||   108
